 Dungeon Crawl Stone Soup version 0.30.1-11-g7821555f0a (webtiles) character file.

Game seed: 4185462866683159172

35 Okkudo the Chopper (level 3, -3/33 HPs)
             Began as a Hill Orc Monk on Dec 10, 2023.
             Slain by a gnoll
             ... wielding a +0 club
              (5 damage)
             ... on level 2 of the Dungeon.
             The game lasted 00:03:03 (1417 turns).

Okkudo the Chopper (Hill Orc Monk)                  Turns: 1417, Time: 00:03:05

Health: -3/33      AC:  2    Str: 15    XL:     3   Next: 35%
Magic:  3/3        EV: 12    Int: 10    God:
Gold:   79         SH:  0    Dex: 13    Spells: 2/2 levels left

rFire   . . .        a - +0 hand axe
rCold   . . .        d - orb {light}
rNeg    . . .        b - +0 robe
rPois   .            (no helmet)
rElec   .            (no cloak)
rCorr   .            (no gloves)
SInv    .            (no boots)
Will    .....        (no amulet)
Stlth   +            (no ring)
HPRegen 0.25/turn    (no ring)
MPRegen 0.08/turn

%: no passive effects
@: confused, ambrosia-drunk, glowing
A: no striking features
a: no special abilities


You were on level 2 of the Dungeon.
You visited 1 branch of the dungeon, and saw 2 of its levels.

You collected 79 gold pieces.

Inventory:

Hand Weapons
 a - a +0 hand axe (weapon)
Armour
 b - a +0 robe (worn)
 d - an orb of light (worn)
 i - a +0 tower shield
Scrolls
 e - 2 scrolls of identify {unknown}
 j - a scroll of enchant weapon {unknown}
Potions
 f - a potion of invisibility {unknown}
 g - 2 potions of curing {unknown}
 h - a potion of attraction {unknown}
 k - a potion of resistance {unknown}


   Skills:
 - Level 3.9 Fighting
 * Level 5.0 Axes
 - Level 2.6 Dodging
 + Level 1.0 Shields


You had 2 spell levels left.
You didn't know any spells.
Your spell library was empty.

Dungeon Overview and Level Annotations

Branches:
Dungeon (2/15)

Altars:


Message History

The gnoll shouts!
The gnoll hits you with a +3 flail.
You hit the gnoll.
The gnoll is severely wounded.
The gnoll hits you with a +3 flail.
You hit the gnoll.
The gnoll is almost dead.
You hit the bat but do no damage. The bat hits you but does no damage.
The gnoll hits you with a +3 flail.
You hit the gnoll.
You kill the gnoll!
The bat hits you but does no damage. The bat barely misses you.
A gnoll comes into view. It is wielding a +0 whip.
The gnoll throws a throwing net.
The throwing net hits you.
You become entangled in the net!
Your Axes skill increases to level 5!
Your Shields skill increases to level 1!
You tear a large gash into the net.
The gnoll shouts!
The bat hits you but does no damage.
You struggle against the net.
The gnoll hits you with a +0 club!
You rip the net and break free!
The bat barely misses you. The gnoll hits you with a +0 club.
* * * LOW HITPOINT WARNING * * *
You hit the gnoll but do no damage. You barely miss the gnoll.
The bat barely misses you. The gnoll closely misses you.
The gnoll hits you with a +0 club.
* * * LOW HITPOINT WARNING * * *
You are confused.
You feel invigorated. The bat hits you but does no damage. The bat misses you.
The gnoll hits you with a +0 club.
* * * LOW HITPOINT WARNING * * *
The gnoll misses you.
You hit the gnoll.
The gnoll is lightly wounded.
You closely miss the bat. You hit the gnoll but do no damage.
The bat barely misses you. x2; The gnoll hits you with a +0 whip.
* * * LOW HITPOINT WARNING * * *
The gnoll hits you with a +0 club.
You die...

#.#.###.# #.#.....###
#)#........ .
#########.#.####### ..
#........(#......###.#
#.........######.#....
#......(.......#[....#
#........###...#...###
#...g@b..###...#...#
#....gg...+.........#
#.........####.##.#.#
...........##... #.#.#
.....#####.##... #>#.#
..... ###...#.###.#.#
.... ............#.#
.... ###...#.....#.###
#........#.##.#.#


You could see 3 gnolls and a bat.

Vanquished Creatures
  A gnoll (D:2)
  2 giant cockroaches (D:1)
  A goblin (D:1)
  A hobgoblin (D:1)
  6 jackals
  6 kobolds (D:1)
  2 frilled lizards (D:1)
  A rat (D:1)
  A spectral goblin (D:1)
21 creatures vanquished.

Notes
Turn   | Place    | Note
-------+----------+-------------------------------------------
     0 | D:1      | Okkudo the Hill Orc Monk began the quest for the Orb.
     0 | D:1      | Reached XP level 1. HP: 19/19 MP: 1/1
   174 | D:1      | Reached XP level 2. HP: 26/27 MP: 2/2
   363 | D:1      | Found a faded altar of an unknown god.
   451 | D:1      | You fall into a shaft and drop 1 floor!
  1375 | D:2      | Reached XP level 3. HP: 31/33 MP: 3/3
  1412 | D:2      | Reached skill level 5 in Axes
  1412 | D:2      | Reached skill level 1 in Shields
  1417 | D:2      | Slain by a gnoll

Illustrated notes

Levels and vault maps discovered:
D:1:      minmay_arrival_three_doors, layout_basic,
          dreamdust_ecumenical_altar_drowned_temple, serial_forest,
          infiniplex_forest_lined_3, infiniplex_forest_clump_long,
          infiniplex_forest_end_3, infiniplex_forest_corner_1,
          infiniplex_forest_straight_1, infiniplex_forest_end_3,
          infiniplex_forest_end_2, infiniplex_forest_zigzag_1,
          infiniplex_forest_corner_1, lexackson_kobold_supper
D:2:      layout_basic

Skill      XL: |  1  2  3 |
---------------+----------+-----
Axes           | 5 |  5.0
Shields        | 1 |  1.0
Fighting       | |  3.9
Dodging        | |  2.6

Action                     || total
---------------------------++-------
  Melee: Hand axe          ||    81
    Use: Potion            ||     1
 Armour: Robe              ||     9
  Dodge: Dodged            ||    43
